 Dungeon Crawl Stone Soup version 0.24-a0-459-g225fefd530 (webtiles) character file.

Game seed: 8296437373537530360

7610 Krouwed the Slinger (level 11, -1/78 HPs)
             Began as a Halfling Hunter on June 28, 2019.
             Was a Priest of Okawaru.
             Slain by Snorg (9 damage)
             ... on level 10 of the Dungeon.
             The game lasted 00:21:22 (10200 turns).

Krouwed the Slinger (Halfling Hunter)              Turns: 10200, Time: 00:21:23

Health: -1/78      AC: 12    Str: 16    XL:     11   Next: 40%
Magic:  14/14      EV: 19    Int:  9    God:    Okawaru [***...]
Gold:   182        SH:  9    Dex: 16    Spells: 10/10 levels left

rFire    + . .     SeeInvis .   b - +2 dagger (venom)
rCold    . . .     Gourm    .   y - +1 buckler
rNeg     . . .     Faith    .   n - +2 ring mail {rF+}
rPois    .         Spirit   .   x - +0 helmet
rElec    .         Reflect  .   (no cloak)
rCorr    .         Harm     .   B - +1 pair of gloves
MR       .....                  c - +0 pair of boots
Stlth    +++.......             j - amulet of regeneration
HPRegen  0.63/turn              (no ring)
MPRegen  0.14/turn              (no ring)

@: heroism
A: small, mutation resistance 1
a: Heroism, Renounce Religion


You were on level 10 of the Dungeon.
You worshipped Okawaru.
Okawaru was most pleased with you.
You were not hungry.

You visited 2 branches of the dungeon, and saw 11 of its levels.

You collected 458 gold pieces.
You spent 276 gold pieces at shops.

Inventory:

Hand Weapons
 a - a +4 hunting sling
 b - a +2 dagger of venom (weapon)
 g - a +5 scimitar of freezing
Missiles
 d - 8 sling bullets
 e - 9 atropa-tipped darts (quivered)
 k - 222 stones
 G - 6 throwing nets
 H - 11 poisoned darts
Armour
 c - a +0 pair of boots (worn)
 n - a +2 ring mail of fire resistance (worn)
 x - a +0 helmet (worn)
 y - a +1 buckler (worn)
 B - a +1 pair of gloves (worn)
Jewellery
 j - an amulet of regeneration (around neck)
 t - an uncursed amulet of rage
Wands
 u - a wand of random effects (9)
 C - a wand of disintegration (26)
 F - a wand of flame (31)
Scrolls
 l - 2 scrolls of remove curse
 m - 2 scrolls of amnesia
Potions
 h - 2 potions of brilliance
 i - 2 potions of haste
 o - 7 potions of lignification
 p - 3 potions of curing
 q - 2 potions of mutation
 r - a potion of resistance
 v - 2 potions of flight
 z - 2 potions of ambrosia
 D - a potion of agility {unknown}
 E - a potion of heal wounds {unknown}
 I - 2 potions of magic {unknown}
Comestibles
 f - 12 rations
 s - 5 chunks of flesh


   Skills:
 + Level 8.5(13.5) Fighting
 + Level 9.5(14.5) Short Blades
 + Level 13.5(18.5) Slings
 - Level 4.0(9.0) Dodging
 - Level 1.1(6.1) Stealth
 - Level 5.9(10.9) Shields
 + Level 4.5 Invocations


You had 10 spell levels left.
You didn't know any spells.
Your spell library was empty.

Dungeon Overview and Level Annotations

Branches:
Dungeon (10/15)            Temple (1/1) D:6            Lair (0/6) D:8
    Orc: D:9-12

Altars:
Ashenzari
Cheibriados
Dithmenos
Elyvilon
Fedhas
Gozag
Hepliaklqana
Kikubaaqudgha
Makhleb
Nemelex Xobeh
Okawaru
Qazlal
Ru
Sif Muna
Trog
Uskayaw
Vehumet
Wu Jian
Xom
Yredelemnul
Zin
The Shining One

Shops:
D:4 %   D:5 [   D:8 ?

Annotations:
D:2 1 runed translucent door, exclusion: door, Crazy Yiuf
D:4 1 runed translucent door
D:10 Snorg


Innate Abilities, Weirdness & Mutations

You are small and have problems with some larger weapons.
You are somewhat resistant to further mutation.


Message History

You shoot a sling bullet. The sling bullet hits Snorg!
Snorg is severely wounded.
Snorg misses you. Snorg claws you. Snorg claws you! You block Snorg's attack.
Snorg barely misses you. Snorg claws you.
Your +2 dagger of venom begins to drip with poison!
b - a +2 dagger of venom (weapon)
Snorg completely misses you. Snorg claws you! Snorg claws you.
You are too injured to fight recklessly!
Snorg bites you but does no damage. Snorg claws you.
* * * LOW HITPOINT WARNING * * *
You block Snorg's attack. Snorg bites you!
* * * LOW HITPOINT WARNING * * *
Snorg closely misses you. x2
You see here a +0 troll leather armour.
As you read the scroll labeled YNIBRU MEBIFEKK, it crumbles to dust.
The creatures around you are filled with an inner flame!
It was a scroll of immolation.
Snorg closely misses you. Snorg barely misses you. Snorg claws you!
You die...

#. ##########.#...... # #.
#..........#####..
#.#.########.##########
#.. #.......).##.#
############.
####.####>##.####.)......#
#. #.#
#....(....######.###.
#.#######(###### #.....
#.######.##...##[# ######
(.(..(...(..#.##@#
###########...##T#
#.#....# ##.##### ###


You could see Snorg (berserk).

Vanquished Creatures
  Harold (D:8)
  Joseph (D:7)
  An elephant (D:8)
  A tengu conjurer (D:9)
  2 trolls
  2 hippogriffs
  3 yaks
  A human (D:7)
  2 hogs (D:7)
  Menkaure (D:7)
  Duvessa (D:7)
  3 sky beasts
  2 ice beasts
  A necrophage (D:7)
  5 centaurs
  8 ogres
  2 crocodiles
  A big kobold (D:7)
  9 bullfrogs
  A gnoll sergeant (D:8)
  Dowan (D:7)
  3 scorpions
  8 wights
  A howler monkey (D:4)
  4 jellies
  A bullfrog skeleton (D:8)
  4 hounds
  2 orc priests
  An iron imp (D:5)
  8 orc wizards
  4 worker ants
  An iguana (D:4)
  A hound skeleton (D:5)
  23 gnolls
  7 adders
  2 shadow imps
  2 oozes
  An adder skeleton (D:8)
  3 worms
  A dart slug (D:1)
  4 leopard geckos
  23 orcs
  8 bats
  3 giant cockroaches
  8 hobgoblins
  7 jackals
  2 quokkas
  A ball python (D:1)
  A ball python skeleton (D:3)
  3 frilled lizards
  5 goblins
  A jackal zombie (D:5)
  9 kobolds
  A quokka zombie (D:5)
  9 rats
211 creatures vanquished.

Vanquished Creatures (others)
  A fungus (D:8)
1 creature vanquished.

Grand Total: 212 creatures vanquished

Notes
Turn   | Place    | Note
-------+----------+-------------------------------------------
     0 | D:1      | Krouwed the Halfling Hunter began the quest for the Orb.
     0 | D:1      | Reached XP level 1. HP: 14/14 MP: 1/1
     2 | D:1      | Noticed a spriggan
     2 | D:1      | Noticed a formicid
     4 | D:1      | Noticed a halfling
     7 | D:1      | Noticed a minotaur
     7 | D:1      | Noticed a draconian
     9 | D:1      | Noticed a demonspawn
     9 | D:1      | Noticed a tengu
    11 | D:1      | Noticed a naga
    11 | D:1      | Noticed a dwarf
    13 | D:1      | Noticed a vine stalker
    13 | D:1      | Noticed a demigod
    15 | D:1      | Noticed a gargoyle
    15 | D:1      | Noticed an elf
    17 | D:1      | Noticed an ogre
    17 | D:1      | Noticed an octopode
    19 | D:1      | Noticed a ghoul
    21 | D:1      | Noticed a felid
    23 | D:1      | Noticed a centaur
    23 | D:1      | Noticed a troll
    25 | D:1      | Noticed a merfolk
    25 | D:1      | Noticed a vampire
    27 | D:1      | Noticed a human
   190 | D:1      | Reached skill level 6 in Slings
   255 | D:1      | Reached XP level 2. HP: 19/19 MP: 2/2
   796 | D:2      | Reached XP level 3. HP: 24/24 MP: 3/3
   869 | D:2      | Found a runed translucent door.
   870 | D:2      | Noticed Crazy Yiuf
  1294 | D:3      | Reached XP level 4. HP: 30/30 MP: 4/4
  1317 | D:3      | Reached XP level 5. HP: 36/36 MP: 5/5
  1407 | D:3      | Reached skill level 7 in Slings
  1544 | D:3      | Found a faded altar of an unknown god.
  2086 | D:4      | Reached XP level 6. HP: 27/42 MP: 6/6
  2322 | D:4      | Found a white marble altar of Elyvilon.
  2322 | D:4      | Found a runed translucent door.
  2322 | D:4      | Noticed an angel
  2364 | D:4      | Noticed a sky beast
  2383 | D:4      | Killed a sky beast
  2383 | D:4      | Reached skill level 8 in Slings
  2454 | D:4      | Reached XP level 7. HP: 48/48 MP: 7/7
  2743 | D:4      | Reached skill level 1 in Short Blades
  2746 | D:4      | Found a deep blue altar of Sif Muna.
  2833 | D:4      | Found Hideng's Food Shop.
  3331 | D:5      | Entered Level 5 of the Dungeon
  3402 | D:5      | Reached skill level 9 in Slings
  3402 | D:5      | Reached skill level 1 in Shields
  3556 | D:5      | Reached XP level 8. HP: 51/54 MP: 8/8
  3618 | D:5      | Found a white marble altar of Elyvilon.
  4027 | D:5      | Found a snail-covered altar of Cheibriados.
  4124 | D:5      | Found Cumori's Antique Armour Shoppe.
  4140 | D:5      | Bought a pair of runed gloves for 150 gold pieces
  4199 | D:5      | Found a burning altar of Makhleb.
  4276 | D:6      | Reached skill level 5 in Fighting
  4520 | D:6      | Found a staircase to the Ecumenical Temple.
  4566 | D:6      | Found a basalt altar of Yredelemnul.
  5460 | D:7      | Noticed Menkaure
  5464 | D:7      | Killed Menkaure
  5469 | D:7      | Noticed Dowan
  5471 | D:7      | Noticed Duvessa
  5475 | D:7      | Killed Dowan
  5475 | D:7      | Reached skill level 10 in Slings
  5788 | D:7      | Reached XP level 9. HP: 43/61 MP: 9/9
  5828 | D:7      | Reached skill level 5 in Short Blades
  6289 | D:7      | Reached skill level 11 in Slings
  6289 | D:7      | Reached skill level 5 in Shields
  6646 | D:7      | Killed Duvessa
  6699 | D:7      | Found an ancient bone altar of Kikubaaqudgha.
  6703 | D:7      | Found a glowing golden altar of the Shining One.
  6706 | D:7      | Found a glowing silver altar of Zin.
  6791 | Temple   | Entered the Ecumenical Temple
  6914 | Temple   | Became a worshipper of Warmaster Okawaru
  6963 | D:8      | Noticed Joseph
  7023 | D:7      | Killed Joseph
  7023 | D:7      | Reached XP level 10. HP: 22/69 MP: 10/10
  7427 | D:8      | Reached skill level 12 in Slings
  7485 | D:8      | Reached * piety under Okawaru
  7492 | D:8      | Noticed an elephant
  7527 | D:8      | Killed an elephant
  7606 | D:8      | Found a staircase to the Lair.
  8134 | D:8      | Reached skill level 1 in Invocations
  8191 | D:8      | Noticed Harold
  8226 | D:8      | Killed Harold
  8226 | D:8      | Reached ** piety under Okawaru
  8433 | D:8      | Reached XP level 11. HP: 62/77 MP: 11/13
  8442 | D:8      | Found a shimmering altar of Xom.
  8851 | D:7      | Found an ancient bone altar of Kikubaaqudgha.
  8855 | D:7      | Found a glowing golden altar of the Shining One.
  8858 | D:7      | Found a glowing silver altar of Zin.
  9018 | D:7      | Reached skill level 13 in Slings
  9253 | D:8      | Found Mecluy's Magic Scroll Shoppe.
  9259 | D:8      | Bought 2 scrolls of identify for 56 gold pieces
  9259 | D:8      | Bought a scroll of remove curse for 42 gold pieces
  9259 | D:8      | Bought a scroll of identify for 28 gold pieces
  9519 | D:9      | Reached *** piety under Okawaru
  9641 | D:9      | Identified the ring of the Slug {rElec rC+ MR+ Int+3}
  9649 | D:9      | Noticed a death knight
  9681 | D:10     | Entered Level 10 of the Dungeon
  9681 | D:10     | Noticed a two-headed ogre
 10166 | D:10     | Noticed Snorg
 10200 | D:10     | Slain by Snorg

Levels and vault maps discovered:
D:1:      kb_arrival_jail, layout_loops_ring
D:2:      layout_basic, uniq_crazy_yiuf_cottage
D:3:      layout_loops_cross, chequers_ecumenical_altar_simple_redux,
          minmay_misc_feat_four_crosses
D:4:      layout_basic, led_sif_pool, serial_shops, kennysheep_mini,
          lemuel_angel_altar
D:5:      layout_gridville, lightli_temple_of_fire, kennysheep_mini_moat,
          first_ration, serial_shops, shop, chei_slow_surprise
D:6:      layout_basic, nicolae_overflow_crystal_walls,
          minmay_temple_entry_ruins
D:7:      layout_basic, minmay_overflow_temple_star_quad, grunt_livestock,
          uniq_menkaure, uniq_duvessa
D:8:      layout_basic, lemuel_doored_altar, david_lair_generic, serial_shops,
          nicolae_shop_stone, uniq_joseph, uniq_harold
D:9:      hangedman_cross_cluster, layout_basic
D:10:     layout_loops_ring, david_orc_1_choice, serial_shops, shop, uniq_snorg,
          uniq_josephine
Temple:   jpeg_temple_clearing

Skill      XL: |  1  2  3  4  5  6  7  8  9 10 11 |
---------------+----------------------------------+-----
Fighting       | 2 3 4 5 6 7 8 |  8.5
Slings         | 6 7 8 9 10 11 12 13 | 13.5
Dodging        | 3 4 |  4.0
Short Blades   | 2 4 6 8 9 |  9.5
Shields        | 1 3 5 |  5.9
Invocations    | 2 4 |  4.5
Stealth        | |  1.1

Action                   |  1- 3 |  4- 6 |  7- 9 | 10-12 || total
-------------------------+-------+-------+-------+-------++-------
Melee: Dagger            |       |    16 |   180 |   195 ||   391
 Fire: Hunting sling     |    69 |   165 |   206 |   263 ||   703
Invok: Heroism           |       |       |       |     2 ||     2
  Use: Scroll            |       |       |    14 |     9 ||    23
       Potion            |       |       |     1 |       ||     1
  Eat: Chunk             |     1 |     1 |     8 |     1 ||    11
       Ration            |       |     1 |     1 |     3 ||     5
Armor: Scale mail        |     1 |    11 |    50 |    51 ||   113
       Ring mail         |       |       |       |     7 ||     7
Dodge: Dodged            |     6 |    56 |   111 |   148 ||   321
Block: Buckler           |       |       |    41 |    80 ||   121

Table legend:
 A = Non-vault XP
 B = Vault XP
 C = Vault XP percentage of total XP
 D = Non-vault monster count
 E = Vault monster count
 F = Vault count percentage of total count
                 A         B        C        D         E       F
            +---------+---------+-------+---------+---------+-------
      Total |    5581 |    5291 |  48.7 |     186 |      25 |  11.8
            +---------+---------+-------+---------+---------+-------
        D:1 |      26 |       0 |   0.0 |      15 |       0 |   0.0
        D:2 |      28 |       0 |   0.0 |      16 |       0 |   0.0
        D:3 |     177 |       0 |   0.0 |      33 |       0 |   0.0
        D:4 |     597 |       0 |   0.0 |      17 |       0 |   0.0
        D:5 |     245 |      40 |  14.0 |      10 |       1 |   9.1
        D:6 |     263 |       0 |   0.0 |       8 |       0 |   0.0
        D:7 |    1516 |    1961 |  56.4 |      32 |      10 |  23.8
        D:8 |    1791 |    1794 |  50.0 |      42 |       4 |   8.7
        D:9 |     468 |    1496 |  76.2 |       9 |      10 |  52.6
       D:10 |     470 |       0 |   0.0 |       4 |       0 |   0.0
            +---------+---------+-------+---------+---------+-------
